 Dungeon Crawl Stone Soup version 0.17-a0-776-gd86b262 (webtiles) character file.

333 inmateoo the Grave Robber (level 6, -9/31 HPs)
             Began as a Vine Stalker Necromancer on Apr 24, 2015.
             Mangled by an ogre
             ... wielding a +0 giant spiked club
              (21 damage)
             ... on level 2 of the Dungeon.
             The game lasted 00:05:23 (2617 turns).

inmateoo the Grave Robber (VSNe)                    Turns: 2617, Time: 00:05:24

Health: -9/31      AC:  9    Str: 11    XL:     6   Next: 52%
Magic:  0/13       EV: 12    Int: 17    God:
Gold:   67         SH:  0    Dex: 14    Spells: 3 memorised, 5 levels left

rFire  . . .     SeeInvis .     u - +1 whip (freeze)
rCold  . . .     Clarity  .     l - +0 robe (curse)
rNeg   . . .     SustAb   .     (no shield)
rPois  .         Gourm    .     (no helmet)
rElec  .         Spirit   +     (no cloak)
rCorr  .         Warding  .     j - +0 pair of gloves
rMut   .         Stasis   .     (no boots)
MR     .....                    (no amulet)
Stlth  ++........               (no ring)
                                d - +5 ring of protection

@: not resistant to hostile enchantments, unstealthy
A: fangs 2, regeneration 2, shaggy fur 1, magic shield, antimagic bite, no
device heal 3, rot immunity
a: no special abilities


You were on level 2 of the Dungeon.
You were not hungry.

You visited 1 branch of the dungeon, and saw 3 of its levels.

You collected 67 gold pieces.

Inventory:

Hand weapons
 u - a +1 whip of freezing (weapon)
Armour
 j - a +0 pair of gloves (worn)
 l - a cursed +0 robe (worn)
Jewellery
 d - a +5 ring of protection (left hand)
Magical devices
 n - a wand of slowing (-3)
 q - a wand of frost (27)
 s - a wand of teleportation (4)
Scrolls
 k - a scroll of immolation {unknown}
 p - a scroll of magic mapping {unknown}
 t - a scroll of teleportation {unknown}
 x - a scroll of enchant armour {unknown}
Potions
 a - a potion of degeneration {unknown}
 e - 2 potions of heal wounds {unknown}
 f - a potion of resistance {unknown}
 m - a potion of magic {unknown}
 o - 2 potions of curing {unknown}
 r - 2 potions of ambrosia
Books
 b - a book of Necromancy

   Spells                             Type                      Level
   a - Pain                           Necromancy                   1
   b - Animate Skeleton               Necromancy                   1
   c - Vampiric Draining              Necromancy                   3
   d - Regeneration                   Charms/Necromancy            3
   e - Animate Dead                   Necromancy                   4
   f - Control Undead                 Necromancy                   4
Comestibles
 c - a bread ration
 g - a meat ration
 h - 4 fruits
 i - a royal jelly
 v - a slice of pizza
 w - 2 chunks of flesh


   Skills:
 + Level 2.3 Fighting
 - Level 1.7 Dodging
 - Level 2.6 Stealth
 + Level 4.0 Spellcasting
 * Level 5.9 Necromancy


You had 5 spell levels left.
You knew the following spells:

 Your Spells              Type           Power        Failure   Level  Hunger
a - Pain                  Necr           ###.         1%          1    None
b - Regeneration          Chrm/Necr      ##........   17%         3    ###....
c - Animate Dead          Necr           N/A          17%         4    ####...


Dungeon Overview and Level Annotations

Branches:
Dungeon (3/15)

Altars:
Gozag


Innate Abilities, Weirdness & Mutations

You have extremely sharp teeth.
You heal very quickly.
You are covered in fur (AC +1).
When hurt, damage is shared between your health and your magic reserves.
Your bite disrupts and absorbs the magic of your enemies.
Potions and wands cannot restore your health.
You are immune to rotting.


Message History

There is an open door here.
There is a stone staircase leading up here.
The ogre barely misses you.
You climb upwards.
There is a stone staircase leading down here.
Casting: Pain
Confirm with . or Enter, or press ? or * to list all spells.
Aiming: Pain
Press: ? - help, Shift-Dir - straight line, f - ogre
Aim: an ogre, wielding a giant spiked club (heavily wounded, chance 83%)
The ogre convulses in agony!
You hit the ogre. You freeze the ogre. You bite the ogre. You drain its power.
You feel invigorated.
The ogre is severely wounded.
The ogre hits you with a giant spiked club!!
You hit the ogre. You freeze the ogre.
The ogre is severely wounded.
The ogre hits you with a giant spiked club!!
Ouch! That really hurt!
You die...

..##..........##### #.......)...
...#.#####........# #...########
.....# #.##.###.# ##.## # ...###
#.##.# #># #.# # #.## #.##.# #.#
#.# #.# #.##.# #.# ##.# #.#
#.##.# #.# #..# #+## #.##.###.#
#.## ...## #.....O@.# #.# #
....## ####.##### #.#### ##
.....## ##.#.# #.##.## ##.
.....(####...(########.#...####..
......'.......................'..
......####....########)#...####..
.....## #.......# #.##.######.
....## ##.###.#.# #.#####.....
...## #..# #.#.# #.## #.####


You could see an ogre.

Vanquished Creatures
  The ghost of quik the Covert, an average SpAs (D:3)
  Ijyb (D:2)
  Jessica (D:2)
  Natasha (twice) (D:2)
  Robin (D:2)
  9 adders
  2 oozes
  An adder skeleton (D:3)
  2 worms
  2 giant geckos
  6 orcs (D:3)
  7 bats
  A bat skeleton (D:3)
  A bat zombie (D:3)
  16 goblins
  5 hobgoblins
  A ball python (D:2)
  2 giant cockroaches (D:1)
  4 giant newts
  7 jackals
  4 kobolds
  10 rats
86 creatures vanquished.

Vanquished Creatures (others)
  Natasha (D:2)
1 creature vanquished.

Grand Total: 87 creatures vanquished

Notes
Turn   | Place    | Note
--------------------------------------------------------------
     0 | D:1      | inmateoo, the Vine Stalker Necromancer, began the quest for the Orb.
     0 | D:1      | Reached XP level 1. HP: 9/9 MP: 4/4
    69 | D:1      | Reached XP level 2. HP: 5/13 MP: 3/6
   478 | D:1      | Reached XP level 3. HP: 14/16 MP: 7/7
  1056 | D:2      | Noticed Natasha
  1057 | D:2      | Noticed Ijyb
  1060 | D:2      | Killed Natasha
  1060 | D:2      | Reached skill level 1 in Fighting
  1060 | D:2      | Reached XP level 4. HP: 18/22 MP: 2/9
  1094 | D:2      | Killed Ijyb
  1129 | D:2      | Reached skill level 5 in Necromancy
  1131 | D:2      | Noticed Natasha
  1146 | D:2      | Killed Natasha
  1203 | D:2      | Noticed Robin
  1223 | D:2      | Reached XP level 5. HP: 21/25 MP: 3/10
  1342 | D:2      | Noticed Jessica
  1347 | D:2      | Killed Jessica
  1515 | D:2      | Found an opulent altar of Gozag.
  1594 | D:2      | Noticed Natasha
  1599 | D:2      | Killed Natasha
  1739 | D:2      | Learned a level 3 spell: Regeneration
  1744 | D:2      | Learned a level 4 spell: Animate Dead
  1834 | D:2      | Killed Robin
  2075 | D:2      | Gained mutation: You heal very quickly. [Vine Stalker growth]
  2075 | D:2      | Reached XP level 6. HP: 27/30 MP: 10/12
  2242 | D:3      | Noticed quik's ghost (average SpAs)
  2252 | D:3      | Killed quik's ghost
  2617 | D:2      | Mangled by an ogre

Action                   |  1- 3 |  4- 6 || total
-------------------------+-------+-------++-------
Melee: Unarmed           |   169 |    68 ||   237
       Whip              |       |    86 ||    86
 Cast: Pain              |     8 |    65 ||    73
  Use: Scroll            |     1 |     1 ||     2
 Stab: Sleeping          |     1 |     3 ||     4
  Eat: Chunk             |     1 |     5 ||     6
